 Dungeon Sprint DCSS version 0.17-a0-1711-gc5340a3 (webtiles) character file.

16 patman the Sneak (level 2, -1/22 HPs)
             Began as a Formicid Assassin on Aug 22, 2015.
             Was an Initiate of Trog.
             Killed from afar by a deep elf mage (19 damage)
             ... with a stone arrow
             ... in the Dungeon (Sprint IX: "|||||||||||||||||||||||||||||").
             The game lasted 00:01:39 (237 turns).

patman the Sneak (Formicid Assassin)                 Turns: 237, Time: 00:01:39

Health: -1/22      AC: 13    Str: 18    XL:     2   Next: 70%
Magic:  2/2        EV:  8    Int: 10    God:    Trog [......]
Gold:   0          SH:  0    Dex: 12    Spells: 0 memorised, 1 level left

rFire  . . .     SeeInvis +     x - +0 lajatang
rCold  . . .     Clarity  .     u - +1 chain mail
rNeg   . . .     SustAt   .     (no shield)
rPois  .         Gourm    .     (helmet unavailable)
rElec  .         Spirit   .     s - +0 cloak
rCorr  .         Warding  .     t - +0 pair of gloves
rMut   .         Stasis   +     (no boots)
MR     .....                    (no amulet)
Stlth  ..........               w - +3 ring of strength
                                v - +2 ring of protection

@: very slightly contaminated, invisible, not resistant to hostile enchantments,
extremely unstealthy
A: permanent stasis, dig shafts and tunnels, four strong arms, antennae 3
a: Dig, Burn Spellbooks, Renounce Religion


You were in the Dungeon.
You worshipped Trog.
Trog was noncommittal.
You were not hungry.

You visited 1 branch

Inventory:

Hand weapons
 a - a +2 dagger
 b - a +0 blowgun
 x - a +0 lajatang (weapon)
Missiles
 e - 7 poisoned needles
 f - 2 curare-tipped needles
Armour
 c - a +0 robe
 d - a +0 cloak
 s - a +0 cloak (worn)
 t - a +0 pair of gloves (worn)
 u - a +1 chain mail (worn)
Jewellery
 v - a +2 ring of protection (left hand)
 w - a +3 ring of strength (right hand)
Magical devices
 r - a wand of draining (7)
Scrolls
 m - 2 scrolls of blinking
 p - 3 scrolls of remove curse
 q - 2 scrolls of amnesia
Potions
 h - 4 potions of curing
 i - 3 potions of heal wounds
 j - a potion of haste
 k - 4 potions of magic
 l - a potion of berserk rage
Comestibles
 g - a bread ration
 n - 7 chunks of flesh


   Skills:
 - Level 2.1 Fighting
 - Level 2.0 Short Blades
 * Level 0.0 Staves
 - Level 1.5 Throwing
 - Level 4.4 Dodging
 - Level 4.8 Stealth


You had one spell level left.
You didn't know any spells.

Dungeon Overview and Level Annotations

Branches:
Dungeon (1/1)

Altars:
Cheibriados
Dithmenos
Elyvilon
Fedhas
Gozag
Kikubaaqudgha
Makhleb
Nemelex Xobeh
Okawaru
Qazlal
Ru
Sif Muna
Trog
Vehumet
Xom
Yredelemnul
Zin
The Shining One
Beogh
Jiyva
Lugonu


Innate Abilities, Weirdness & Mutations

You are under a permanent stasis effect.
You can dig through walls and to a lower floor.
Your four strong arms can wield two-handed weapons with a shield.
You have a pair of large antennae on your head (SInv).


Message History

An iguana, a crocodile, a worker ant, an orc, a deep elf mage and a troll come into view.
The worker ant twitches its antennae in your direction.
The iguana hisses angrily.
The troll shouts!
The deep elf mage shouts!
You miss the deep elf mage.
The deep elf mage hits you but does no damage.
The deep elf mage points at you and mumbles some strange words.
The bolt of magma hits you!
Drink which item? (? for menu, Esc to quit)
You fade into invisibility!
The deep elf mage hits you with a short sword.
You are very lightly contaminated with residual magic.
Drink which item? (? for menu, Esc to quit)
Okay, then.
Unknown command.
Drink which item? (? for menu, Esc to quit)
You feel better.
The deep elf mage points at you and mumbles some strange words.
The stone arrow hits you!
Ouch! That really hurt!
You die... {{{{{{{{ {{{{{{{{{ ▓▓▓▓▓▓▓▓▓▓▓▓▓▓▓▓▓▓▓▓▓▓▓▓ .taolTe@....)|..'_______ ▓▓▓▓▓▓▓▓▓▓▓▓▓▓▓▓▓▓▓▓▓▓▓▓

You could see a troll, a crocodile, a deep elf mage, an iguana, a worker ant and an orc.

Vanquished Creatures
  An adder skeleton (D)
  A giant gecko (D)
  An orc (D)
  A bat (D)
  2 giant cockroaches (D)
  2 goblins (D)
  A quokka (D)
  A giant gecko zombie (D)
10 creatures vanquished.

Notes
Turn   | Place    | Note
--------------------------------------------------------------
     0 | D        | patman the Formicid Assassin began the quest for the Orb.
     0 | D        | Reached XP level 1. HP: 16/16 MP: 1/1
    19 | D        | Reached XP level 2. HP: 19/22 MP: 2/2
   100 | D        | Found a glowing silver altar of Zin.
   100 | D        | Found a glowing golden altar of the Shining One.
   100 | D        | Found an ancient bone altar of Kikubaaqudgha.
   100 | D        | Found a basalt altar of Yredelemnul.
   100 | D        | Found a shimmering altar of Xom.
   100 | D        | Found a radiant altar of Vehumet.
   101 | D        | Found an iron altar of Okawaru.
   102 | D        | Found a burning altar of Makhleb.
   103 | D        | Found a deep blue altar of Sif Muna.
   104 | D        | Found a bloodstained altar of Trog.
   105 | D        | Found a sparkling altar of Nemelex Xobeh.
   106 | D        | Found a white marble altar of Elyvilon.
   107 | D        | Found a roughly hewn altar of Beogh.
   108 | D        | Found a viscous altar of Jiyva.
   109 | D        | Found a corrupted altar of Lugonu.
   110 | D        | Found a blossoming altar of Fedhas.
   111 | D        | Found a snail-covered altar of Cheibriados.
   112 | D        | Found a shadowy altar of Dithmenos.
   113 | D        | Found a stormy altar of Qazlal.
   114 | D        | Found an opulent altar of Gozag.
   115 | D        | Found a sacrificial altar of Ru.
   192 | D        | Became a worshipper of Trog the Wrathful
   234 | D        | Noticed a crocodile
   234 | D        | Noticed a worker ant
   234 | D        | Noticed an iguana
   234 | D        | Noticed a troll
   234 | D        | Noticed a deep elf mage
   237 | D        | Killed from afar by a deep elf mage

Vault maps used:
D:        linesprint

Action                   || total
-------------------------++-------
Melee: Dagger            ||    22
       Lajatang          ||     1
 Fire: Blowgun           ||     7
  Use: Potion            ||     2
 Stab: Sleeping          ||     2
